AAA WEST
ROUND ROCK EXPRESS @ ALBUQUERQUE ISOTOPES
06/18/2041
 
TOP OF THE 1ST
Round Rock Express batting - Pitching for Albuquerque Isotopes : RHP Dave John
Pitching: RHP Dave John
Batting: RHB Steve O'Neill 0-0: Ball
1-0: Foul Ball, location: 9LDF
1-1: Ball
2-1: Swinging Strike
2-2: Strikes out swinging
Batting: RHB Ken Hanson 0-0: Ball
1-0: Swinging Strike
1-1: Swinging Strike
1-2: Foul Ball, location: 7LMFF
1-2: DOUBLE (Line Drive, 7LM, EV 103.8 MPH)
Batting: LHB Cristo Ayala 0-0: Called Strike
0-1: Called Strike
0-2: Ball
1-2: Strikes out swinging
Batting: RHB Oscar Pittman 0-0: Swinging Strike
0-1: Ball
1-1: Called Strike
1-2: Fly out, F8 (Flyball, 8LXD, EV 106.9 MPH)
Top of the 1st over - 0 runs, 1 hit, 0 errors, 1 left on base; Round Rock 0 - Albuquerque 0
BOTTOM OF THE 1ST
Albuquerque Isotopes batting - Pitching for Round Rock Express : LHP Jerry Sexton
Pitching: LHP Jerry Sexton
Batting: SHB Cliff Miller 0-0: Ball
1-0: Ground out U3 (Groundball, 34, EV 86.3 MPH)
Batting: LHB José De Los Santos 0-0: Swinging Strike
0-1: SINGLE (Line Drive, 6D, EV 103.8 MPH)
Batting: RHB Cisco Sandodal 0-0: Ball
1-0: Called Strike
1-1: Foul Ball, location: 2F
1-2: Foul Ball, location: 2F
1-2: Ball
2-2: Fly out, F8 (Flyball, 8LD, EV 86.3 MPH)
Batting: RHB Bob Jacobs 0-0: Foul Ball, location: 7LSF
0-1: Ground out U3 (Groundball, 3L, EV 88.8 MPH)
Bottom of the 1st over - 0 runs, 1 hit, 0 errors, 1 left on base; Round Rock 0 - Albuquerque 0
TOP OF THE 2ND
Round Rock Express batting - Pitching for Albuquerque Isotopes : RHP Dave John
Batting: RHB Héctor González 0-0: Ball
1-0: Called Strike
1-1: Ball
2-1: Ball
3-1: Foul Ball, location: 2F
3-2: Fly out, F8 (Line Drive, 8RM, EV 88.8 MPH)
Batting: SHB Darrell Bailey 0-0: Called Strike
0-1: Ground out 4-3 (Groundball, 34D, EV 91.9 MPH)
Batting: LHB Don Reed 0-0: Called Strike
0-1: Ball
1-1: Ball
2-1: Fly out, F7 (Flyball, 7LD, EV 91.3 MPH)
Top of the 2nd over - 0 runs, 0 hits, 0 errors, 0 left on base; Round Rock 0 - Albuquerque 0
BOTTOM OF THE 2ND
Albuquerque Isotopes batting - Pitching for Round Rock Express : LHP Jerry Sexton
Batting: LHB Andy Bean 0-0: Ball
1-0: Called Strike
1-1: Ground out U3 (Groundball, 13, EV 90.0 MPH)
Batting: RHB Jim Kennedy 0-0: Fly out, F5 (Popup, 25F, EV 86.3 MPH)
Batting: LHB Alex Battle 0-0: Ball
1-0: Ball
2-0: Ball
3-0: Base on Balls
Batting: LHB Luis Rodríguez 0-0: Called Strike
0-1: Fly out, F8 (Flyball, 78D, EV 105.6 MPH)
Bottom of the 2nd over - 0 runs, 0 hits, 0 errors, 1 left on base; Round Rock 0 - Albuquerque 0
TOP OF THE 3RD
Round Rock Express batting - Pitching for Albuquerque Isotopes : RHP Dave John
Batting: RHB Jim Unknown 0-0: Ball
1-0: Called Strike
1-1: Ball
2-1: Ground out U3 (Groundball, 34, EV 100.0 MPH)
Batting: RHB Jim Unknown 0-0: Ball
1-0: Called Strike
1-1: Ball
2-1: Foul Ball, location: 5DF
2-2: Ground out 4-3 (Groundball, 4, EV 83.8 MPH)
Batting: RHB Steve O'Neill 0-0: Called Strike
0-1: Ball
1-1: Ball
2-1: Foul Ball, location: 2F
2-2: SINGLE (Line Drive, 9S, EV 101.9 MPH)
Batting: RHB Ken Hanson 0-0: Fielders Choice at 2nd, 6-4 (Groundball, 6, EV 87.5 MPH)
Top of the 3rd over - 0 runs, 1 hit, 0 errors, 1 left on base; Round Rock 0 - Albuquerque 0
BOTTOM OF THE 3RD
Albuquerque Isotopes batting - Pitching for Round Rock Express : LHP Jerry Sexton
Batting: RHB Adrián Pacheco 0-0: Ball
1-0: Called Strike
1-1: Ball
2-1: DOUBLE (Flyball, 8LXD, EV 109.4 MPH)
Batting: SHB Cliff Miller 0-0: Ball
1-0: Ball
2-0: Ball
Wild Pitch!
Adrián Pacheco to third
3-0: Called Strike
3-1: Fly out, F8 (Flyball, 8RM, EV 88.8 MPH)
Runner from 3rd tags up, OUT at HOME! 8-2
Batting: LHB José De Los Santos 0-0: Called Strike
0-1: Ball
1-1: Called Strike
1-2: Foul Ball, location: 9LMFF
1-2: Ball
2-2: Ball
3-2: Base on Balls
Batting: RHB Cisco Sandodal 0-0: Called Strike
0-1: Foul Ball, location: 3FF
0-2: Strikes out looking
Bottom of the 3rd over - 0 runs, 1 hit, 0 errors, 1 left on base; Round Rock 0 - Albuquerque 0
TOP OF THE 4TH
Round Rock Express batting - Pitching for Albuquerque Isotopes : RHP Dave John
Batting: LHB Cristo Ayala 0-0: Called Strike
0-1: Ball
1-1: Ball
2-1: Ball
3-1: Foul Ball, location: 2F
3-2: TRIPLE (Line Drive, 89XD, EV 106.9 MPH)
Batting: RHB Oscar Pittman 0-0: Called Strike
0-1: Called Strike
0-2: Ball
1-2: Ground out 4-3 (Groundball, 4, EV 89.4 MPH)
Cristo Ayala scores
Batting: RHB Héctor González 0-0: Foul Ball, location: 2F
0-1: Foul Ball, location: 9LSF
0-2: Ground out 6-3 (Groundball, 6M, EV 87.5 MPH)
Batting: SHB Darrell Bailey 0-0: Ball
1-0: SINGLE (Groundball, P, EV 83.8 MPH) (infield hit)
Batting: LHB Don Reed 0-0: Foul Ball, location: 5SF
0-1: Ball
1-1: Foul Ball, location: 2F
1-2: Foul Ball, location: 3F
1-2: Foul Ball, location: 2F
1-2: Fly out, F2 (Popup, 2RF, EV 87.5 MPH)
Top of the 4th over - 1 run, 2 hits, 0 errors, 1 left on base; Round Rock 1 - Albuquerque 0
BOTTOM OF THE 4TH
Albuquerque Isotopes batting - Pitching for Round Rock Express : LHP Jerry Sexton
Batting: RHB Bob Jacobs 0-0: Swinging Strike
0-1: Ball
1-1: Foul Ball, location: 9LMF
1-2: Fly out, F7 (Flyball, 78D, EV 105.0 MPH)
Batting: LHB Andy Bean 0-0: Ball
1-0: Fly out, F9 (Flyball, 9D, EV 110.6 MPH)
Batting: RHB Jim Kennedy 0-0: SINGLE (Groundball, 34, EV 80.6 MPH)
Batting: LHB Alex Battle 0-0: Called Strike
0-1: Ball
1-1: Ball
2-1: Called Strike
2-2: Ball
3-2: Foul Ball, location: 2F
3-2: Strikes out swinging
Bottom of the 4th over - 0 runs, 1 hit, 0 errors, 1 left on base; Round Rock 1 - Albuquerque 0
TOP OF THE 5TH
Round Rock Express batting - Pitching for Albuquerque Isotopes : RHP Dave John
Batting: RHB Jim Unknown 0-0: Ball
1-0: Fly out, F7 (Flyball, 78D, EV 89.4 MPH)
Batting: RHB Jim Unknown 0-0: SINGLE (Groundball, 56D, EV 101.9 MPH)
Batting: RHB Steve O'Neill 0-0: Ball
1-0: Ball
2-0: Fielders Choice at 2nd, 1-6 (Groundball, 13S, EV 67.5 MPH)
Batting: RHB Ken Hanson 0-0: Called Strike
0-1: Ball
1-1: Called Strike
Steve O'Neill is caught stealing 2nd base 2-4
Top of the 5th over - 0 runs, 1 hit, 0 errors, 0 left on base; Round Rock 1 - Albuquerque 0
BOTTOM OF THE 5TH
Albuquerque Isotopes batting - Pitching for Round Rock Express : LHP Jerry Sexton
Batting: LHB Luis Rodríguez 0-0: Called Strike
0-1: Ball
1-1: SINGLE (Flyball, 5D, EV 86.9 MPH)
Batting: RHB Adrián Pacheco 0-0: Sac Bunt to 23 - play at first, batter OUT! 3-4
Luis Rodríguez to second
Batting: SHB Cliff Miller 0-0: Ball
1-0: Ball
2-0: Ball
3-0: Called Strike
3-1: SINGLE (Groundball, 4MD, EV 98.8 MPH)
Luis Rodríguez to third
Runner from 3rd tries for Home, throw by CF and OUT! 8-2
Batting: LHB José De Los Santos 0-0: Called Strike
0-1: Fly out, F7 (Flyball, 7S, EV 91.3 MPH)
Bottom of the 5th over - 0 runs, 2 hits, 0 errors, 1 left on base; Round Rock 1 - Albuquerque 0
TOP OF THE 6TH
Round Rock Express batting - Pitching for Albuquerque Isotopes : RHP Dave John
Batting: RHB Ken Hanson 0-0: SINGLE (Groundball, 6M, EV 99.4 MPH) (infield hit)
Batting: LHB Cristo Ayala 0-0: DOUBLE (Flyball, 9LD, EV 101.9 MPH)
Ken Hanson to third
Batting: RHB Oscar Pittman 0-0: Ball
1-0: Fly out, F8 (Flyball, 8RD, EV 104.4 MPH)
Runner from 3rd tags up, OUT at HOME! 8-2
Cristo Ayala to third
Batting: RHB Héctor González 0-0: Ball
1-0: Fly out, F8 (Flyball, 8RM, EV 87.5 MPH)
Top of the 6th over - 0 runs, 2 hits, 0 errors, 1 left on base; Round Rock 1 - Albuquerque 0
BOTTOM OF THE 6TH
Albuquerque Isotopes batting - Pitching for Round Rock Express : LHP Jerry Sexton
Batting: RHB Cisco Sandodal 0-0: Called Strike
0-1: Ball
1-1: Ball
2-1: Ball
3-1: Foul Ball, location: 7LMF
3-2: Foul Ball, location: 9LSF
3-2: DOUBLE (Line Drive, 9LS, EV 95.0 MPH)
Batting: RHB Bob Jacobs 0-0: Ball
1-0: Foul Ball, location: 2F
1-1: Foul Ball, location: 2F
1-2: Ball
2-2: Strikes out swinging
Pinch Hitting: RHB Jared Tebazalwa 0-0: Ball
1-0: Swinging Strike
1-1: Swinging Strike
1-2: Fly out, F8 (Line Drive, 8RM, EV 96.9 MPH)
Batting: RHB Jim Kennedy 0-0: Ball
1-0: Ball
2-0: Called Strike
2-1: Foul Ball, location: 2LF
2-2: Ground out 4-3 (Groundball, 4, EV 103.1 MPH)
Bottom of the 6th over - 0 runs, 1 hit, 0 errors, 1 left on base; Round Rock 1 - Albuquerque 0
TOP OF THE 7TH
Round Rock Express batting - Pitching for Albuquerque Isotopes : RHP Dave John
Now at 3B: Jared Tebazalwa
Batting: SHB Darrell Bailey 0-0: Called Strike
0-1: Ball
1-1: SINGLE (Line Drive, 4D, EV 103.1 MPH)
Batting: LHB Don Reed 0-0: Ball
1-0: Fly out, F6 (Popup, 6M, EV 61.3 MPH)
Batting: RHB Jim Unknown 0-0: Ball
1-0: Ball
2-0: Foul Ball, location: 2F
2-1: Foul Ball, location: 2F
2-2: Ball
Wild Pitch!
Darrell Bailey to second
3-2: Strikes out looking
Batting: RHB Jim Unknown 0-0: Called Strike
0-1: Ground out U3 (Groundball, 34, EV 92.5 MPH)
Top of the 7th over - 0 runs, 1 hit, 0 errors, 1 left on base; Round Rock 1 - Albuquerque 0
BOTTOM OF THE 7TH
Albuquerque Isotopes batting - Pitching for Round Rock Express : LHP Jerry Sexton
Batting: LHB Alex Battle 0-0: SINGLE (Groundball, 25, EV 70.0 MPH) (infield hit)
Batting: LHB Luis Rodríguez 0-0: Bunt - Flyout to 13S! F1
Batting: RHB Adrián Pacheco 0-0: Ball
1-0: Called Strike
1-1: Ball
2-1: Called Strike
2-2: 2-RUN HOME RUN (Flyball, 7D, EV 93.1 MPH), Distance : 364 ft
Batting: SHB Cliff Miller 0-0: Ball
1-0: Foul Ball, location: 9LDF
1-1: Swinging Strike
1-2: Foul Ball, location: 9LDF
1-2: Ball
2-2: Ground out 6-3 (Groundball, 6, EV 77.5 MPH)
Batting: LHB José De Los Santos 0-0: DOUBLE (Line Drive, 9LM, EV 105.6 MPH)
Pitching: RHP Jim Unknown
Batting: RHB Cisco Sandodal 0-0: Ball
1-0: Called Strike
1-1: Swinging Strike
1-2: Ball
2-2: SINGLE (Line Drive, 34D, EV 97.5 MPH)
José De Los Santos to third
Runner from 3rd tries for Home, SAFE, throw by RF to home
Batting: RHB Bob Jacobs 0-0: Ball
1-0: SINGLE (Groundball, 4MD, EV 103.1 MPH)
Cisco Sandodal to second
Runner from 2nd tries for 3rd, OUT! 8-5
Bottom of the 7th over - 3 runs, 5 hits, 0 errors, 1 left on base; Round Rock 1 - Albuquerque 3
TOP OF THE 8TH
Round Rock Express batting - Pitching for Albuquerque Isotopes : RHP Dave John
Batting: RHB Steve O'Neill 0-0: Fly out, F8 (Flyball, 8LM, EV 91.3 MPH)
Batting: RHB Ken Hanson 0-0: SINGLE (Line Drive, 56, EV 98.8 MPH)
Batting: LHB Cristo Ayala 0-0: DOUBLE (Groundball, 5L, EV 94.4 MPH)
Ken Hanson to third
Runner from 3rd tries for Home, SAFE, throw by LF to trailing runner, OUT at third! 7-3-5
Batting: RHB Oscar Pittman 0-0: Ball
1-0: Foul Ball, location: 5F
1-1: Swinging Strike
1-2: Foul Ball, location: 2F
1-2: Ball
2-2: Ball
3-2: Strikes out looking
Top of the 8th over - 1 run, 2 hits, 0 errors, 0 left on base; Round Rock 2 - Albuquerque 3
BOTTOM OF THE 8TH
Albuquerque Isotopes batting - Pitching for Round Rock Express : RHP Jim Unknown
Batting: RHB Jared Tebazalwa 0-0: Ball
1-0: Ball
2-0: Ball
3-0: Foul Ball, location: 2RF
3-1: Base on Balls
Batting: RHB Jim Kennedy 0-0: Called Strike
0-1: Called Strike
0-2: Ball
1-2: Ball
2-2: Foul Ball, location: 5FF
2-2: Foul Ball, location: 23F
2-2: Foul Ball, location: 2F
2-2: Ball
3-2: Foul Ball, location: 2F
3-2: Foul Ball, location: 23F
3-2: Base on Balls
Jared Tebazalwa to second
Batting: LHB Alex Battle 0-0: Bunted foul
0-1: Sac Bunt to 15S - play at first, batter OUT! 1-4
Jared Tebazalwa to third
Jim Kennedy to second
Batting: LHB Luis Rodríguez 0-0: Intentional Walk
Batting: RHB Adrián Pacheco 0-0: Ball
1-0: Ball
2-0: Ball
3-0: Called Strike
3-1: Base on Balls
Jared Tebazalwa scores
Jim Kennedy to third
Luis Rodríguez to second
Batting: SHB Cliff Miller 0-0: Ball
1-0: Fly out, F7 (Flyball, 7D, EV 96.9 MPH)
Runner from 3rd tags up, SCORES, throw by LF
Luis Rodríguez to third
Batting: LHB José De Los Santos 0-0: Ball
1-0: 3-RUN HOME RUN (Flyball, 7LD, EV 90.6 MPH), Distance : 325 ft
Pitching: RHP Jim Unknown
Batting: RHB Cisco Sandodal 0-0: Called Strike
0-1: Ball
1-1: DOUBLE (Line Drive, 89M, EV 88.8 MPH)
Batting: RHB Bob Jacobs 0-0: Swinging Strike
0-1: Called Strike
0-2: Ball
1-2: Foul Ball, location: 5FF
1-2: Ball
2-2: Strikes out swinging
Bottom of the 8th over - 5 runs, 2 hits, 0 errors, 1 left on base; Round Rock 2 - Albuquerque 8
TOP OF THE 9TH
Round Rock Express batting - Pitching for Albuquerque Isotopes : RHP Dave John
Pitching: RHP Raúl Villarreal
Batting: RHB Héctor González 0-0: Ball
1-0: Ball
2-0: Foul Ball, location: 2F
2-1: Fly out, F7 (Flyball, 7LM, EV 92.5 MPH)
Batting: SHB Darrell Bailey 0-0: Foul Ball, location: 2F
0-1: Ball
1-1: Ball
2-1: Foul Ball, location: 2F
2-2: Ball
3-2: Base on Balls
Batting: LHB Don Reed 0-0: Fly out, F7 (Flyball, 7S, EV 85.0 MPH)
Pinch Hitting: RHB Ken Stephens 0-0: Ball
1-0: SINGLE (Groundball, 6, EV 95.0 MPH) (infield hit)
Darrell Bailey to second
Batting: RHB Jim Unknown 0-0: Foul Ball, location: 3DF
0-1: Fly out, F8 (Flyball, 8LD, EV 98.8 MPH)
Top of the 9th over - 0 runs, 1 hit, 0 errors, 2 left on base; Round Rock 2 - Albuquerque 8
Monday, April 1st , 2024 - OOTP Baseball 24.10 Build 82